 Dungeon Crawl Stone Soup version 0.27-a0-543-gd81048afd2 (webtiles) character file.

Game seed: 3171004913470814239

7364 Tourist the Geomancer (level 11, -12/64 HPs)
             Began as a Gargoyle Earth Elementalist on Mar 7, 2021.
             Was a Priest of Vehumet.
             Mangled by Urug
             ... wielding a +2 halberd of venom
              (15 damage)
             ... on level 10 of the Dungeon.
             The game lasted 00:23:32 (11418 turns).

Tourist the Geomancer (GrEE)                       Turns: 11418, Time: 00:23:33

Health: -12/64     AC: 21    Str: 13    XL:     11   Next: 14%
Magic:  4/21       EV: 13    Int: 18    God:    Vehumet [***...]
Gold:   157        SH:  0    Dex: 10    Spells: 14/23 levels left

rFire    . . .     SeeInvis .   A - +3 whip (elec)
rCold    . . .     Faith    .   (no shield)
rNeg     + . .     Spirit   .   c - +0 robe
rPois    ∞         Reflect  .   l - +0 helmet
rElec    +         Harm     .   w - +1 cloak
rCorr    .         Rampage  .   h - +1 pair of gloves
Will     .....                  g - +0 pair of boots
Stlth    ++........             (no amulet)
HPRegen  0.20/turn              D - +4 ring of slaying
MPRegen  0.17/turn              z - +4 ring of protection

@: mighty
A: negative energy resistance 1, electricity resistance, torment resistance 1,
unbreathing 1, petrification resistance, AC +8
a: Renounce Religion


You were on level 10 of the Dungeon.
You worshipped Vehumet.
Vehumet was most pleased with you.
You visited 2 branches of the dungeon, and saw 11 of its levels.
You also visited: Sewer.

You collected 495 gold pieces.
You spent 338 gold pieces at shops.

Inventory:

Hand Weapons
 s - a +0 morningstar
 t - a +0 falchion
 v - a +0 flail
 A - a +3 whip of electrocution (weapon)
Missiles
 b - 173 stones
 m - 3 throwing nets
Armour
 c - a +0 robe (worn)
 g - a +0 pair of boots (worn)
 h - a +1 pair of gloves (worn)
 l - a +0 helmet (worn)
 w - a +1 cloak (worn)
Magical Staves
 y - a staff of fire
Jewellery
 f - a ring of see invisible
 n - the ring of Reimbursement {Fire Dex+2}
   (You found it on level 7 of the Dungeon)

   [ring of fire]

   It enhances your fire magic.
   It affects your dexterity (+2).
   It protects you from fire.
   It makes you vulnerable to cold.
 z - a +4 ring of protection (right hand)
 D - a +4 ring of slaying (left hand)
 G - a ring of protection from cold
Wands
 u - a wand of iceblast (10)
 x - a wand of flame (44)
 J - a wand of polymorph (7)
Scrolls
 e - 8 scrolls of teleportation
 q - 3 scrolls of blinking
 r - 2 scrolls of immolation
 B - a scroll of magic mapping
Potions
 a - 4 potions of ambrosia
 d - a potion of invisibility
 i - 6 potions of curing
 j - a potion of cancellation
 k - 2 potions of haste
 o - a potion of brilliance
 p - a potion of magic
 C - 2 potions of attraction {unknown}
 E - 3 potions of heal wounds
 F - 2 potions of lignification {unknown}
 H - a potion of might
 I - a potion of brilliance


   Skills:
 + Level 5.6 Fighting
 + Level 4.8 Maces & Flails
 + Level 5.5 Armour
 + Level 4.5 Dodging
 - Level 2.1 Stealth
 + Level 6.8 Spellcasting
 + Level 7.5 Conjurations
 - Level 0.7 Transmutations
 + Level 9.3 Earth Magic
 + Level 4.5 Evocations


You had 14 spell levels left.
You knew the following spells:

 Your Spells              Type           Power      Damage    Failure   Level
a - Sandblast             Erth           78%        2d17      1%          1
b - Stone Arrow           Conj/Erth      72%        3d11      1%          3
c - Lee's Rapid Deconstr  Erth           19%        3d12*     1%          5

Your spell library contained the following spells:

 Spells                   Type           Power      Damage    Failure   Level
 Inner Flame              Hex/Fire       6%         N/A       9%          3
 Magic Dart               Conj           100%       1d8       1%          1
 Searing Ray              Conj           66%        3d5       1%          2
 Dazzling Flash           Conj/Hex       38%        N/A       1%          3
 Passwall                 Tmut/Erth      20%        N/A       2%          2
 Fulminant Prism          Conj/Hex       9%         3d7       7%          4
 Iskenderun's Mystic Bla  Conj/Tloc      19%        2d6       7%          4
 Beastly Appendage        Tmut           16%        N/A       9%          1
 Wereblood                Tmut           8%         N/A       12%         2
 Petrify                  Tmut/Erth      24%        N/A       14%         4
 Irradiate                Conj/Tmut      10%        3d17      16%         5
 Spider Form              Tmut/Pois      3%         N/A       28%         3
 Ice Form                 Ice/Tmut       7%         N/A       67%         4
 Blade Hands              Tmut           4%         N/A       92%         5
 Hydra Form               Tmut           4%         N/A       100%        6
 Dragon Form              Tmut           4%         N/A       100%        7
 Statue Form              Tmut/Erth      Unusable   N/A       N/A         6

Dungeon Overview and Level Annotations

Branches:
Dungeon (10/15)            Temple (1/1) D:4             Orc (0/2) D:9
  Sewer (visited)
   Lair: D:8-11

Altars:
Ashenzari
Dithmenos
Fedhas
Hepliaklqana
Kikubaaqudgha
Nemelex Xobeh
Okawaru
Ru
Sif Muna
Trog
Uskayaw
Vehumet
Xom
Yredelemnul
Zin

Shops:
D:5 !

Annotations:
D:10 Urug


Innate Abilities, Weirdness & Mutations

Your stone body is resilient. (AC +8)
You are immune to poison.
You resist negative energy. (rN+)
You are resistant to electric shocks. (rElec)
You are resistance to unholy torment.
You can survive without breathing.
You are immune to petrification.


Message History

* * * LOW HITPOINT WARNING * * *
Unknown command.
Unknown command.
Casting: Lee's Rapid Deconstruction (dangerous; 1% risk of failure)
Confirm with . or Enter, or press ? or * to list all spells.
Aiming: Lee's Rapid Deconstruction (dangerous; 1% risk of failure)
Press: ? - help, Dir - move target A rock wall.
The wall shatters!
The blast of rock fragments hits Urug!
Urug is moderately wounded.
Urug hits you with a +2 halberd of venom.
* * * LOW HITPOINT WARNING * * *
Unknown command.
Unknown command.
You feel very mighty all of a sudden.
You hit Urug.
Urug is heavily wounded.
Urug hits you with a +2 halberd of venom.
* * * LOW HITPOINT WARNING * * *
You whack Urug!
Urug is heavily wounded.
Urug hits you but does no damage.
You barely miss Urug.
Urug is heavily wounded.
Urug misses you.
You closely miss Urug.
Urug is heavily wounded.
You closely miss Urug.
Urug is heavily wounded.
Urug hits you but does no damage.
You barely miss Urug.
Urug is heavily wounded.
Urug hits you with a +2 halberd of venom.
* * * LOW HITPOINT WARNING * * *
You barely miss Urug.
Urug is heavily wounded.
You barely miss Urug.
Urug is heavily wounded.
Urug hits you with a +2 halberd of venom!
You die...

### ..# #.# #)# #o#
#@# #.# #.# #.# #.#
#.# #.# #.# ##.##
#.####...#
#######........# .
#...........##.##
....#####.........#


You could see Urug.

Vanquished Creatures
  The ghost of schwarznadel the Blocker, a novice FoFi (D:7)
  Nergalle (D:10)
  Pikel (D:7)
  The ghost of Leibowitz the Cutter, a novice KoFi (D:5)
  Joseph (D:7)
  2 trolls
  A wyvern (D:8)
  A warg (D:10)
  Menkaure (D:5)
  A water moccasin (Sewer)
  Duvessa (D:5)
  7 orc warriors
  A black bear (D:6)
  3 ice beasts
  2 sky beasts
  4 ogres
  A lemure (D:7)
  3 phantoms
  Blork the orc (D:5)
  2 bullfrogs
  A gnoll sergeant (D:6)
  Dowan (D:5)
  2 scorpions
  A wyvern skeleton (D:7)
  A water moccasin skeleton (D:9)
  6 killer bees (D:5)
  A howler monkey (D:7)
  3 jellies
  A centaur zombie (D:5)
  6 hounds
  3 orc priests
  A water moccasin simulacrum (D:7)
  A centaur skeleton (D:8)
  3 iguanas
  10 orc wizards
  10 worker ants
  2 worker ant zombies
  A killer bee simulacrum (D:7)
  Robin (D:3)
  11 gnolls
  2 river rats (D:5)
  12 adders
  A hound simulacrum (D:7)
  A shadow imp (D:7)
  4 white imps
  4 ufetubi
  4 worms
  3 dart slugs
  6 leopard geckos
  39 orcs
  6 giant cockroaches
  14 goblins
  9 hobgoblins
  8 jackals
  3 quokkas
  4 ball pythons
  11 bats
  2 frilled lizards
  9 kobolds
  13 rats
257 creatures vanquished.

Vanquished Creatures (others)
  A goblin (D:1)
1 creature vanquished.

Grand Total: 258 creatures vanquished

Notes
Turn   | Place    | Note
-------+----------+-------------------------------------------
     0 | D:1      | Tourist the Gargoyle Earth Elementalist began the quest for
                  | the Orb.
     0 | D:1      | Reached XP level 1. HP: 10/10 MP: 3/3
     5 | D:1      | You fall into a shaft and drop 1 floor!
    85 | D:2      | Reached skill level 4 in Earth Magic
    85 | D:2      | Reached XP level 2. HP: 15/15 MP: 1/5
   445 | D:1      | Reached XP level 3. HP: 16/19 MP: 6/6
   457 | D:1      | Learned a level 3 spell: Stone Arrow
  1225 | D:2      | Reached skill level 1 in Conjurations
  1324 | D:2      | Reached XP level 4. HP: 24/24 MP: 3/8
  2202 | D:3      | Found a sacrificial altar of Ru.
  2229 | D:3      | Reached skill level 5 in Earth Magic
  2344 | D:3      | Reached XP level 5. HP: 28/28 MP: 6/9
  2453 | D:3      | Noticed Robin
  2513 | D:3      | Killed Robin
  2775 | D:3      | Found an iron altar of Okawaru.
  2783 | D:3      | Found a blossoming altar of Fedhas.
  2868 | D:3      | Learned a level 5 spell: Lee's Rapid Deconstruction
  3468 | D:4      | Found a staircase to the Ecumenical Temple.
  3478 | Temple   | Entered the Ecumenical Temple
  3504 | Temple   | Became a worshipper of Vehumet
  3568 | D:4      | Noticed a sky beast
  3579 | D:4      | Reached XP level 6. HP: 32/32 MP: 7/11
  3580 | D:4      | Killed a sky beast
  3666 | D:4      | Reached skill level 6 in Earth Magic
  3768 | D:4      | Reached XP level 7. HP: 28/36 MP: 8/13
  4047 | D:4      | Found a shimmering altar of Xom.
  4346 | D:5      | Entered Level 5 of the Dungeon
  4443 | D:5      | Found a glowing drain.
  4453 | Sewer    | Entered a sewer
  4464 | Sewer    | Reached * piety under Vehumet
  4464 | Sewer    | Offered knowledge of Freeze by Vehumet.
  4769 | D:5      | Found Jiteqoz's Distillery.
  4773 | D:5      | Bought a potion of curing for 39 gold pieces
  4773 | D:5      | Bought a potion of curing for 39 gold pieces
  4773 | D:5      | Bought a potion of heal wounds for 65 gold pieces
  4773 | D:5      | Bought a potion of curing for 39 gold pieces
  4796 | D:5      | Reached skill level 7 in Earth Magic
  4879 | D:5      | Reached skill level 5 in Spellcasting
  4879 | D:5      | Reached XP level 8. HP: 38/42 MP: 4/15
  5014 | D:5      | Reached skill level 1 in Fighting
  5021 | D:5      | Noticed Menkaure
  5030 | D:5      | Killed Menkaure
  5031 | D:5      | Reached skill level 1 in Maces & Flails
  5031 | D:5      | Reached skill level 1 in Armour
  5031 | D:5      | Reached skill level 5 in Conjurations
  5031 | D:5      | Reached skill level 1 in Evocations
  5284 | D:5      | Noticed Blork the orc
  5290 | D:5      | Killed Blork the orc
  5426 | D:5      | Noticed Leibowitz's ghost (novice KoFi)
  5451 | D:5      | Found a transporter.
  5456 | D:5      | Found a transporter.
  5682 | D:5      | Noticed Dowan
  5684 | D:5      | Noticed Duvessa
  5703 | D:5      | Killed Duvessa
  5712 | D:5      | Killed Dowan
  5985 | D:5      | Identified the +7 hunting sling of Xeum Ban {flame, +Blink
                  | rC- Str+4}
  6266 | D:5      | Killed Leibowitz's ghost
  6267 | D:5      | Reached XP level 9. HP: 37/49 MP: 0/17
  6935 | D:6      | Offered knowledge of Foxfire by Vehumet.
  6961 | D:6      | Reached ** piety under Vehumet
  6977 | D:6      | Reached skill level 8 in Earth Magic
  7285 | D:6      | Found a blossoming altar of Fedhas.
  7531 | D:7      | Found a runed translucent gate.
  7531 | D:7      | Found a runed translucent gate.
  7531 | D:7      | Found a runed translucent gate.
  7564 | D:7      | Noticed Joseph
  7577 | D:7      | Killed Joseph
  7635 | D:7      | Noticed Pikel
  7656 | D:7      | Killed Pikel
  7657 | D:7      | Reached XP level 10. HP: 31/56 MP: 1/19
  7969 | D:7      | Noticed schwarznadel's ghost (novice FoFi)
  8277 | D:7      | Offered knowledge of Static Discharge by Vehumet.
  8297 | D:7      | Killed schwarznadel's ghost
  8497 | D:7      | Identified the ring of Reimbursement {Fire Dex+2}
  8601 | D:8      | Found a broken altar of Ashenzari.
  8875 | D:8      | Reached *** piety under Vehumet
  9245 | D:5      | Bought a potion of curing for 39 gold pieces
  9245 | D:5      | Bought a potion of heal wounds for 65 gold pieces
  9245 | D:5      | Bought a potion of brilliance for 52 gold pieces
  9451 | D:9      | Found a glowing silver altar of Zin.
  9633 | D:9      | Found a staircase to the Orcish Mines.
  9790 | D:9      | Reached skill level 5 in Armour
 10246 | D:9      | Reached skill level 5 in Fighting
 10246 | D:9      | Reached skill level 9 in Earth Magic
 10379 | D:9      | Offered knowledge of Inner Flame by Vehumet.
 10857 | D:10     | Entered Level 10 of the Dungeon
 10866 | D:10     | Noticed Nergalle
 10881 | D:10     | Killed Nergalle
 10882 | D:10     | Reached XP level 11. HP: 42/64 MP: 2/21
 11398 | D:10     | Noticed Urug
 11416 | D:10     | HP: 3/64 [Urug/+2 halberd of venom (6)]
 11418 | D:10     | Mangled by Urug

Illustrated notes

Levels and vault maps discovered:
D:1:      dpeg_arrival_tiny_h, layout_rooms
D:2:      layout_basic
D:3:      layout_rooms, nicolae_overflow_crystal_walls, minitemple, uniq_robin
D:4:      layout_rooms, tgw_xom, minmay_temple_entry_purple_smoke
D:5:      minmay_recursive_quarters, layout_loops_cross, portal_sewer_entry_e,
          serial_shops, kennysheep_mini_moat, gammafunk_ghost_hive,
          kennysheep_big_empty_room, uniq_menkaure, uniq_blork_the_orc,
          uniq_duvessa
D:6:      layout_basic, lemuel_crystal_altar, fedhas_altar_fruit_tree
D:7:      minmay_angry_zag, layout_basic, gammafunk_ghost_icy, uniq_pikel,
          uniq_joseph
D:8:      layout_cave_pools, lemuel_doored_altar
D:9:      layout_basic, david_orc_1_choice, basic_altar
D:10:     layout_loops_ring, erik_lair_orcish_takeover, uniq_urug, uniq_nergalle
Temple:   nicolae_temple_elliptical

Skill      XL: |  1  2  3  4  5  6  7  8  9 10 |
---------------+-------------------------------+-----
Earth Magic    | 4 5 6 7 8 9 |  9.3
Conjurations   | 1 2 3 4 5 6 7 |  7.5
Spellcasting   | 3 4 5 6 |  6.8
Fighting       | 2 3 5 |  5.6
Dodging        | 2 3 4 |  4.5
Maces & Flails | 2 3 4 |  4.8
Armour         | 2 4 5 |  5.5
Evocations     | 2 3 4 |  4.5
Stealth        | |  2.1
Transmutations | |  0.7

Action                   |  1- 3 |  4- 6 |  7- 9 | 10-12 || total
-------------------------+-------+-------+-------+-------++-------
Melee: Short sword       |    68 |   144 |       |       ||   212
       Dagger            |     1 |       |       |       ||     1
       Falchion          |       |    14 |       |       ||    14
       Flail             |       |       |    59 |       ||    59
       Whip              |       |       |   131 |   214 ||   345
 Cast: Sandblast         |    23 |    43 |    60 |     5 ||   131
       Lee's Rapid Decon |       |       |     8 |    16 ||    24
       Stone Arrow       |       |       |    16 |    11 ||    27
Evoke: Wand              |       |       |     6 |     9 ||    15
  Use: Scroll            |       |    15 |     6 |     4 ||    25
       Potion            |       |     1 |     3 |     2 ||     6
 Stab: Sleeping          |       |     2 |     1 |     3 ||     6
       Distracted        |       |     1 |       |     2 ||     3
Armor: Robe              |    51 |    75 |   168 |    81 ||   375
Dodge: Dodged            |    63 |   107 |   191 |    86 ||   447
       Rpst.: Falchion   |       |     3 |       |       ||     3

Table legend: (Time is in decaauts)
 A = Elapsed time spent in this place.
 B = Non-inter-level travel time spent in this place.
 C = Inter-level travel time spent in this place.
 D = Time resting spent in this place.
 E = Time spent auto-exploring this place.
 F = Levels seen in this place.
 G = Mean time per level.
                   A        B        C        D        E       F      G
               +--------+--------+--------+--------+--------+-----+--------+
         Total |  11462 |  10786 |    676 |   2062 |   6618 |  12 |  955.2 |
       Dungeon |  11176 |  10512 |    664 |   2062 |   6420 |  10 | 1117.6 |
        Temple |     38 |     26 |     12 |      0 |     15 |   1 |   38.0 |
         Sewer |    246 |    246 |      0 |      0 |    183 |   1 |  246.0 |
               +--------+--------+--------+--------+--------+-----+--------+

Top non-repeatable levels by time:
     D:5: 1942 daAuts
     D:9: 1746 daAuts
     D:2: 1292 daAuts
     D:7: 1162 daAuts
     D:4: 1143 daAuts
     D:3: 1093 daAuts
     D:6: 1081 daAuts
     D:1: 809 daAuts
     D:8: 629 daAuts
    D:10: 277 daAuts
   Sewer: 246 daAuts
  Temple: 38 daAuts
